 Dungeon Crawl Stone Soup version 0.20.1-1-g8b1a95d66d (webtiles) character file.

1416 CKAuHET the Covert (level 8, -1/39 HPs)
             Began as a Spriggan Assassin on Nov 28, 2017.
             Was an Initiate of Dithmenos.
             Killed from afar by an electric eel (8 damage)
             ... with a bolt of electricity
             ... on level 6 of the Dungeon.
             The game lasted 00:32:46 (7498 turns).

CKAuHET the Covert (Spriggan Assassin)              Turns: 7498, Time: 00:32:47

Health: -1/39      AC:  5    Str:  7    XL:     8   Next: 43%
Magic:  9/9        EV: 22    Int: 12    God:    Dithmenos [......]
Gold:   264        SH:  0    Dex: 20    Spells: 7/7 levels left

rFire    x . .     SeeInvis +   a - +2 dagger
rCold    + . .     Gourm    .   (shield restricted)
rNeg     . . .     Faith    .   c - +0 robe
rPois    .         Spirit   .   (helmet restricted)
rElec    .         Reflect  .   y - +2 cloak {+Inv}
rCorr    .         Harm     .   (gloves unavailable)
MR       +....                  (boots unavailable)
Stlth    +++++.....             (no amulet)
Regen    0.2/turn               x - ring of ice
MPRegen  0.2/turn               (no ring)

@: about to teleport, very quick
A: unfitting armour, see invisible, herbivore 3, speed 3, slow metabolism 2
a: Renounce Religion, Evoke Invisibility


You were on level 6 of the Dungeon.
You worshipped Dithmenos.
Dithmenos was noncommittal.
You were not hungry.

You visited 2 branches of the dungeon, and saw 7 of its levels.
You also visited: Sewer.

You collected 264 gold pieces.

Inventory:

Hand Weapons
 a - a +2 dagger (weapon)
 b - a +0 blowgun
 m - a +3 dagger of flaming
 p - a +1 hunting sling of velocity
Missiles
 e - 29 poisoned needles
 f - 2 curare-tipped needles
 u - 50 sling bullets
Armour
 c - a +0 robe (worn)
 d - a +0 cloak
 y - a +2 cloak of invisibility (worn)
 A - a scarf of spirit shield
Magical Staves
 D - an uncursed staff of power
Jewellery
 x - a ring of ice (left hand)
Wands
 C - a wand of digging (22/24)
Scrolls
 q - 6 scrolls of identify
 w - a scroll of amnesia
Potions
 i - a potion of magic {unknown}
 j - 2 potions of mutation {unknown}
 k - 6 potions of might
 n - a potion of berserk rage {unknown}
 r - 5 potions of heal wounds
 s - 2 potions of haste {unknown}
 t - 5 potions of curing
 z - 5 potions of brilliance {unknown}
 B - a potion of flight {unknown}
Comestibles
 g - 4 bread rations
 h - 6 royal jellies


   Skills:
 + Level 2.9 Fighting
 + Level 7.4 Short Blades
 + Level 2.0 Throwing
 + Level 6.1 Dodging
 + Level 11.1 Stealth


You had 7 spell levels left.
You didn't know any spells.

Dungeon Overview and Level Annotations

Branches:
Dungeon (6/15)             Temple (1/1) D:6

Altars:
Dithmenos
Elyvilon
Fedhas
Gozag
Hepliaklqana
Kikubaaqudgha
Makhleb
Nemelex Xobeh
Okawaru
Qazlal
Ru
Sif Muna
Trog
Uskayaw
Vehumet
Xom
Yredelemnul
Zin
The Shining One

Shops:
D:6 *

Annotations:
D:6 Edmund


Innate Abilities, Weirdness & Mutations

You are very small and have problems with some larger weapons.
You are too small for most types of armour.
You have supernaturally acute eyesight. (SInv)
You are a herbivore.
You cover ground extremely quickly.
You need consume almost no food.


Message History

You hit Edmund but do no damage.
Edmund is moderately wounded.
You hit Edmund.
Edmund is moderately wounded.
Edmund completely misses you.
You hit Edmund.
Edmund is moderately wounded.
You hit Edmund.
Edmund is moderately wounded.
Edmund completely misses you.
You hit Edmund but do no damage.
Edmund is moderately wounded.
Edmund completely misses you.
As you read the scroll of teleportation, it crumbles to dust.
You feel strangely unstable.
The electric eel shoots out a bolt of lightning at you!
The bolt of electricity hits you!
* * * LOW HITPOINT WARNING * * *
The bolt of electricity hits you!
You die...

#.....##)..####
#...........#
####..PPPPP.......
#....P;P≈P≈P##.###
#.#.P.P≈≈≈P≈##.#
#.#..P≈≈♣≈≈P...#
#@##PP♣≈♣≈≈P≈..#
#.#P≈≈≈≈♣≈≈≈ #..
#@#P≈≈♣♣P ≈#.
#...≈♣≈ PP
#..P;♣PP.
#..P≈≈PP≈
#.P≈≈PP## #.≈P≈P##
##≈♣≈≈# .≈≈≈#


P≈PP# You could see Edmund and an electric eel.

Vanquished Creatures
  Prince Ribbit (D:5)
  Sigmund (D:4)
  Menkaure (D:5)
  A sky beast (D:5)
  An ogre (D:4)
  2 big kobolds (Sewer)
  2 orc priests (D:5)
  A hound (D:5)
  Crazy Yiuf (D:3)
  2 iguanas
  2 orc wizards
  A hound zombie (D:4)
  13 adders
  4 gnolls (D:4)
  A howler monkey skeleton (D:6)
  4 river rats (Sewer)
  An ooze (D:3)
  An adder skeleton (D:5)
  4 worms
  2 dart slugs
  4 leopard geckos
  18 orcs
  4 bats
  9 giant cockroaches
  7 goblins (D:1)
  12 hobgoblins
  7 jackals
  23 kobolds
  2 quokkas
  7 ball pythons
  5 frilled lizards
  A jackal skeleton (D:6)
  A leopard gecko skeleton (D:5)
  44 rats
190 creatures vanquished.

Notes
Turn   | Place    | Note
-------+----------+-------------------------------------------
     0 | D:1      | CKAuHET the Spriggan Assassin began the quest for the Orb.
     0 | D:1      | Reached XP level 1. HP: 10/10 MP: 2/2
   241 | D:1      | Reached skill level 6 in Stealth
   278 | D:1      | Reached XP level 2. HP: 5/15 MP: 3/3
  1085 | D:1      | Reached XP level 3. HP: 18/18 MP: 4/4
  1803 | D:2      | Reached skill level 7 in Stealth
  1965 | D:2      | Reached XP level 4. HP: 21/23 MP: 5/5
  2789 | D:3      | Found a glowing golden altar of the Shining One.
  3107 | D:3      | Reached XP level 5. HP: 26/26 MP: 6/6
  3259 | D:3      | Found a runed door.
  3263 | D:3      | Noticed Crazy Yiuf
  3267 | D:3      | Killed Crazy Yiuf
  3539 | D:4      | Noticed an ogre
  3544 | D:4      | Killed an ogre
  3544 | D:4      | Reached skill level 8 in Stealth
  3544 | D:4      | Reached XP level 6. HP: 30/30 MP: 7/7
  3680 | D:4      | Noticed Sigmund
  3685 | D:4      | Killed Sigmund
  3685 | D:4      | Reached skill level 5 in Short Blades
  3796 | D:4      | Found a glowing drain.
  3871 | Sewer    | Entered a sewer
  4261 | Sewer    | Reached skill level 9 in Stealth
  4261 | Sewer    | Reached XP level 7. HP: 35/35 MP: 8/8
  5610 | D:5      | Entered Level 5 of the Dungeon
  5704 | D:5      | Reached skill level 5 in Dodging
  5749 | D:5      | Noticed Prince Ribbit
  5759 | D:5      | Killed Prince Ribbit
  5759 | D:5      | Reached skill level 10 in Stealth
  5759 | D:5      | Reached XP level 8. HP: 39/39 MP: 9/9
  5829 | D:5      | Noticed Menkaure
  5870 | D:5      | Killed Menkaure
  6522 | D:6      | Reached skill level 11 in Stealth
  6536 | D:6      | Found a stormy altar of Qazlal.
  6538 | D:6      | Noticed an air elemental
  6615 | D:6      | Found a hazy altar of Hepliaklqana.
  6618 | D:6      | Found a deep blue altar of Sif Muna.
  6621 | D:6      | Found a basalt altar of Yredelemnul.
  6624 | D:6      | Found a hide-covered altar of Uskayaw.
  6670 | D:6      | Found Hoepn's Assorted Antiques.
  6836 | D:6      | Found a staircase to the Ecumenical Temple.
  6845 | Temple   | Entered the Ecumenical Temple
  7037 | Temple   | Became a worshipper of Dithmenos the Shadowed
  7104 | D:6      | Noticed Edmund
  7498 | D:6      | Killed from afar by an electric eel

Skill      XL: |  1  2  3  4  5  6  7  8 |
---------------+-------------------------+-----
Stealth        | 6 7 8 9 10 11 | 11.1
Dodging        | 2 3 4 5 6 |  6.1
Short Blades   | 3 4 5 6 7 |  7.4
Fighting       | 2 |  2.9
Throwing       | |  2.0

Action                   |  1- 3 |  4- 6 |  7- 9 || total
-------------------------+-------+-------+-------++-------
Melee: Dagger            |   155 |   180 |   396 ||   731
 Abil: Evoke Invisibilit |       |       |     1 ||     1
  Use: Scroll            |       |       |    13 ||    13
       Potion            |       |       |     1 ||     1
 Stab: Sleeping          |     9 |    12 |    18 ||    39
       Distracted        |     1 |     1 |     1 ||     3
  Eat: Bread ration      |       |     1 |       ||     1
Armor: Robe              |    16 |    16 |    24 ||    56
Dodge: Dodged            |   112 |   101 |   240 ||   453
